Carnivores vs Griffins
Created - November 19, 2017 at 19:00
Goals
|
| Carnivores |
2 |
1 |
0 |
3 |
| Griffins |
2 |
2 |
1 |
5 |
|
Shots
|
| Carnivores |
18 |
9 |
6 |
33 |
| Griffins |
14 |
13 |
8 |
35 |
|
1st period
1. Carnivores , Mark MacMillan 2 (Anton Gustafsson 10, Mattias Backman 2) at 8:27
2. Griffins , Jamie Arniel 9 (Tye McGinn 10, Petr Pohl 14) at 9:45
3. Carnivores , Scott Laughton 6 (Blake Geoffrion 13, Jeremy Williams 6) at 18:56
4. Griffins , Robert Dome 7 (Oscar Klefbom 9) at 19:31
Penalties :
Markus Granlund (Bre) for High sticking (Minor) at 19:50
2nd period
5. Carnivores , Anton Gustafsson 3 (Jeremy Welsh 6, Nate Schmidt 4) at 6:47
6. Griffins , Jan Mursak 7 (Lucas Lessio 1, Vladislav Namestnikov 3) at 13:11
7. Griffins , Petr Pohl 12 (Oscar Klefbom 10) at 17:27 (PP)
Penalties :
Ryan Murray (Bre) for Tripping (Minor) at 0:07, Scott Laughton (Bre) for Interference (Minor) at 17:18
3rd period
8. Griffins , Mike Duco 6 (Jan Mursak 3, Kyle Lawson 1) at 19:14 (Empty Net)
Penalties :
Mike Duco (Cap) for Roughing (Minor) at 8:55
Goalie Stats
Antti Raanta (Bre), 30 saves from 34 shots - (0.882), L, 5-2-1, 59:35 minutes
Jason Missiaen (Cap), 30 saves from 33 shots - (0.909), W, 6-2-2, 60:00 minutes
Players Stats for Carnivores
Player Name G A P +/- PIM S H SB GA TA FO MP PP MP PK MP
------------------------------------------------------------------------------------
Adam Pelech 0 0 0 -1 0 2 1 0 2 0 0/0 18:12 1:18 0:48
Anton Gustafsson 1 1 2 0 0 5 0 0 2 0 5/7 15:26 0:09 1:34
Blake Geoffrion 0 1 1 0 0 5 0 0 2 1 0/1 20:06 1:02 0:00
Bobby Sanguinetti 0 0 0 -1 0 0 2 0 0 1 0/0 16:06 0:00 0:00
Chris Lawrence 0 0 0 -1 0 1 1 3 0 0 0/0 15:22 0:57 0:00
Colton Orr 0 0 0 0 0 0 1 0 0 0 0/1 8:08 0:00 0:00
Jeremy Welsh 0 1 1 0 0 4 2 0 0 0 0/1 13:52 0:09 0:00
Jeremy Williams 0 1 1 1 0 5 0 1 0 0 2/4 19:37 1:02 0:00
Josh Manson 0 0 0 -1 0 0 0 1 0 0 0/0 12:17 1:18 1:24
Mark Jankowski 0 0 0 -1 0 0 1 0 0 0 0/0 9:20 0:35 0:00
Mark MacMillan 1 0 1 0 0 2 2 0 0 0 0/0 13:43 0:00 0:00
Markus Granlund 0 0 0 -1 2 2 0 1 0 0 5/9 15:02 0:29 0:01
Mat Clark 0 0 0 -1 0 0 0 0 0 0 0/0 11:00 0:41 0:00
Mattias Backman 0 1 1 1 0 0 0 1 0 0 0/0 7:41 0:39 0:00
Nate Schmidt 0 1 1 0 0 1 1 2 0 2 0/0 24:32 0:02 1:37
Nicolas Kerdiles 0 0 0 -1 0 0 2 0 0 0 1/2 15:22 0:32 0:09
Ryan Murray 0 0 0 0 2 2 2 2 0 1 0/0 22:34 0:00 0:25
Sasha Pokulok 0 0 0 1 0 0 1 1 0 0 0/0 7:45 0:00 0:35
Scott Laughton 1 0 1 0 2 4 2 0 2 0 11/22 20:05 1:02 0:00
Zack Smith 0 0 0 0 0 0 0 0 0 1 1/5 9:40 0:00 1:24
Players Stats for Griffins
Player Name G A P +/- PIM S H SB GA TA FO MP PP MP PK MP
------------------------------------------------------------------------------------
Devin Shore 0 0 0 0 0 0 1 0 0 0 4/6 12:26 0:00 0:44
Gord Baldwin 0 0 0 1 0 0 1 1 0 0 0/0 18:53 0:47 0:55
Greg Mauldin 0 0 0 -1 0 4 2 0 0 2 7/10 17:06 0:58 0:00
J.T. Brown 0 0 0 0 0 1 0 0 0 1 0/0 12:08 0:00 0:21
Jamie Arniel 1 0 1 1 0 5 2 1 0 0 13/30 22:02 1:27 0:44
Jan Mursak 1 1 2 2 0 4 1 0 0 1 0/0 9:32 0:00 1:10
Justin Braun 0 0 0 -1 0 0 1 1 0 0 0/0 22:32 0:00 0:27
Kyle Lawson 0 1 1 1 0 1 3 6 0 1 0/0 17:24 0:00 1:04
Lucas Lessio 0 1 1 1 0 0 0 0 1 0 0/0 8:27 0:00 0:33
Mike Duco 1 0 1 0 2 5 2 0 1 0 0/1 17:34 0:58 0:00
Oscar Klefbom 0 2 2 1 0 1 1 2 0 1 0/0 19:41 1:38 0:59
Petr Pohl 1 1 2 0 0 5 1 3 0 0 1/2 21:17 1:27 0:26
Petter Granberg 0 0 0 1 0 1 0 2 1 0 0/0 16:58 0:47 0:00
Pontus Aberg 0 0 0 -1 0 0 1 1 0 1 0/1 16:08 0:00 0:00
Robert Dome 1 0 1 0 0 2 0 0 1 0 1/1 13:09 1:27 0:00
Simon Despres 0 0 0 -1 0 2 0 1 1 0 0/0 24:32 1:38 0:33
Tye McGinn 0 1 1 0 0 3 4 1 1 1 0/0 20:17 0:58 0:00
Vladislav Namestnikov 0 1 1 1 0 1 0 0 0 0 1/1 7:54 0:00 0:00
3 Stars
1 - Jan Mursak (Cap)
2 - Petr Pohl (Cap)
3 - Jamie Arniel (Cap)
Power Play
Carnivores - 0 on 1 Attempt(s) - 0.00%
Griffins - 1 on 3 Attempt(s) - 33.33%
Penalty Kill
Carnivores - 2 on 3 Attempt(s) - 66.67%
- Score 0 goal in Penalty Kill
Griffins - 1 on 1 Attempt(s) - 100.00%
- Score 0 goal in Penalty Kill
Team Stat
Carnivores - Hits : 18 - Faceoff Wins : 25 - Blocked Shots : 12 - Penalty Minutes : 6
Griffins - Hits : 20 - Faceoff Wins : 27 - Blocked Shots : 19 - Penalty Minutes : 2
Official
Referees : Kimmerly Greg and McCauley Wes
Linesman : Steve Miller and Lyle Seitz
Game Notes
Mike Duco has scored in a empty net!
Finance
Level 1 -- Attendance: 1325 (66.25%) -- Ticket Income $46,375
Level 2 -- Attendance: 710 (71.00%) -- Ticket Income $14,200
Total Attendance: 2035 (67.83%)
Total Ticket Income: $60,575
Other Income: $3,029
Total Income: $63,604
Carnivores
5 vs 5 Forward
Center Left Wing Right Wing Time % Phy DF OF
1 Scott Laughton Blake Geoffrion Jeremy Williams 40 1 2 2
2 Markus Granlund Nicolas Kerdiles Chris Lawrence 30 1 2 2
3 Anton Gustafsson Jeremy Welsh Mark MacMillan 20 1 2 2
4 Zack Smith Mark Jankowski Colton Orr 10 1 2 2
5 vs 5 Defense
Defense Defense Time % Phy DF OF
1 Nate Schmidt Ryan Murray 40 1 2 2
2 Adam Pelech Bobby Sanguinetti 30 1 2 2
3 Josh Manson Mat Clark 17 1 2 2
4 Sasha Pokulok Mattias Backman 13 1 2 2
PowerPlay Forward
Center Left Wing Right Wing Time % Phy DF OF
1 Scott Laughton Blake Geoffrion Jeremy Williams 60 1 2 2
2 Anton Gustafsson Jeremy Welsh Chris Lawrence 40 1 2 2
PowerPlay Defense
Defense Defense Time % Phy DF OF
1 Ryan Murray Adam Pelech 60 1 2 2
2 Nate Schmidt Mat Clark 40 1 2 2
Penalty Kill 4 Players Forward
Center Wing Time % Phy DF OF
1 Zack Smith Anton Gustafsson 60 1 2 2
2 Nicolas Kerdiles Chris Lawrence 40 1 2 2
Penalty Kill 4 Players Defense
Defense Defense Time % Phy DF OF
1 Nate Schmidt Ryan Murray 60 1 2 2
2 Adam Pelech Josh Manson 40 1 2 2
Penalty Kill - 3 Players Forward
Forward Time % Phy DF OF
1 Anton Gustafsson 60 1 2 2
2 Zack Smith 40 1 2 2
Penalty Kill - 3 Players Defense
Defense Defense Time % Phy DF OF
1 Nate Schmidt Ryan Murray 60 1 2 2
2 Adam Pelech Josh Manson 40 1 2 2
4 vs 4 Forward
Center Wing Time % Phy DF OF
1 Zack Smith Anton Gustafsson 60 1 2 2
2 Scott Laughton Blake Geoffrion 40 1 2 2
4 vs 4 Defense
Defense Defense Time % Phy DF OF
1 Nate Schmidt Ryan Murray 60 1 2 2
2 Adam Pelech Mat Clark 40 1 2 2
Last Minutes Offensive
Center Left Wing Right Wing Defense Defense
Scott Laughton Blake Geoffrion Mark Jankowski Ryan Murray Bobby Sanguinetti
Last Minutes Defensive
Center Left Wing Right Wing Defense Defense
Zack Smith Blake Geoffrion Anton Gustafsson Sasha Pokulok Nate Schmidt
Goaltenders
Starting : Antti Raanta
Backup : Chad Johnson
Extra Forwards
Normal : Markus Granlund, Mark Jankowski, Nicolas Kerdiles - PP : Mark Jankowski, Markus Granlund - PK : Zack Smith
Extra Defensemen
Normal : Mattias Backman, Bobby Sanguinetti, Sasha Pokulok - PP : Mattias Backman - PK : Josh Manson, Sasha Pokulok
Penalty Shots
Scott Laughton, Anton Gustafsson, Blake Geoffrion, Nicolas Kerdiles, Chris Lawrence
Scratches
David Schlemko (Fractured Orbital Bone Injury), Mark McNeill (Healthy), Adam Almquist (Healthy), Stanislav Galiev (Healthy), Tyler Graovac (Healthy)
Patrick McNeill (Healthy), Troy Bourke (Healthy), Alexandre Mallet (Healthy), Michael Schumacher (Healthy), Frederic St-Denis (Healthy)
Daniel Altshuller (Healthy)
Griffins
5 vs 5 Forward
Center Left Wing Right Wing Time % Phy DF OF
1 Jamie Arniel Tye McGinn Petr Pohl 40 1 2 2
2 Greg Mauldin Pontus Aberg Mike Duco 30 1 2 2
3 Devin Shore Robert Dome J.T. Brown 20 1 2 2
4 Vladislav Namestnikov Jan Mursak Lucas Lessio 10 1 2 2
5 vs 5 Defense
Defense Defense Time % Phy DF OF
1 Justin Braun Simon Despres 40 1 2 2
2 Gord Baldwin Oscar Klefbom 30 1 2 2
3 Kyle Lawson Petter Granberg 20 1 2 2
4 Kyle Lawson Petter Granberg 10 1 2 2
PowerPlay Forward
Center Left Wing Right Wing Time % Phy DF OF
1 Jamie Arniel Robert Dome Petr Pohl 60 1 2 2
2 Greg Mauldin Tye McGinn Mike Duco 40 1 2 2
PowerPlay Defense
Defense Defense Time % Phy DF OF
1 Simon Despres Oscar Klefbom 60 1 2 2
2 Gord Baldwin Petter Granberg 40 1 2 2
Penalty Kill 4 Players Forward
Center Wing Time % Phy DF OF
1 Jamie Arniel Jan Mursak 60 1 2 2
2 J.T. Brown Mike Duco 40 1 2 2
Penalty Kill 4 Players Defense
Defense Defense Time % Phy DF OF
1 Gord Baldwin Justin Braun 60 1 2 2
2 Simon Despres Kyle Lawson 40 1 2 2
Penalty Kill - 3 Players Forward
Forward Time % Phy DF OF
1 Jamie Arniel 60 1 2 2
2 Mike Duco 40 1 2 2
Penalty Kill - 3 Players Defense
Defense Defense Time % Phy DF OF
1 Gord Baldwin Justin Braun 60 1 2 2
2 Simon Despres Kyle Lawson 40 1 2 2
4 vs 4 Forward
Center Wing Time % Phy DF OF
1 Robert Dome Petr Pohl 60 1 2 2
2 Jamie Arniel Tye McGinn 40 1 2 2
4 vs 4 Defense
Defense Defense Time % Phy DF OF
1 Justin Braun Oscar Klefbom 60 1 2 2
2 Gord Baldwin Simon Despres 40 1 2 2
Last Minutes Offensive
Center Left Wing Right Wing Defense Defense
Jamie Arniel Robert Dome Petr Pohl Oscar Klefbom Simon Despres
Last Minutes Defensive
Center Left Wing Right Wing Defense Defense
Jamie Arniel Jan Mursak Mike Duco Gord Baldwin Justin Braun
Goaltenders
Starting : Jason Missiaen
Backup : Thomas Greiss
Extra Forwards
Normal : Jamie Arniel, Tye McGinn, Pontus Aberg - PP : Pontus Aberg, Devin Shore - PK : Petr Pohl
Extra Defensemen
Normal : Simon Despres, Oscar Klefbom, Petter Granberg - PP : Justin Braun - PK : Simon Despres, Oscar Klefbom
Penalty Shots
Robert Dome, Petr Pohl, Jamie Arniel, Tye McGinn, Greg Mauldin
Scratches
Garrett Wilson (Healthy), Tanner Kero (Healthy), Greg McKegg (Healthy), Brett Bulmer (Healthy), Stuart Percy (Healthy)
Nathan Oystrick (Strained Right Knee Injury), Rich Clune (Healthy), Jerome Gauthier-Leduc (Healthy), Konrad Abeltshauser (Healthy), Tomas Hyka (Healthy)
Brian Hart (Healthy), Casey Wellman (Healthy), Tyler Beskorowany (Healthy)
% Time on Ice - Carnivores
Lines # - Real PCT - Wanted PCT - Time Play
Normal Forward
1 - 34% - 40% - 18:51
2 - 26% - 30% - 14:25
3 - 25% - 20% - 13:43
4 - 15% - 10% - 8:08
Normal Defense
1 - 40% - 40% - 22:09
2 - 30% - 30% - 16:21
3 - 17% - 17% - 9:35
4 - 13% - 13% - 7:02
PP Forward
1 - 92% - 60% - 1:50
2 - 8% - 40% - 0:09
PP Defense
1 - 66% - 60% - 1:18
2 - 34% - 40% - 0:41
PK Forward
1 - 100% - 60% - 0:43
2 - 0% - 40% - 0:00
PK Defense
1 - 98% - 60% - 0:42
2 - 2% - 40% - 0:01
PK3 Forward
1 - 88% - 60% - 1:30
2 - 12% - 40% - 0:12
PK3 Defense
1 - 54% - 60% - 0:55
2 - 46% - 40% - 0:47
44 Forward
1 - 0% - 60%
2 - 0% - 40%
44 Defense
1 - 0% - 60%
2 - 0% - 40%
Last Minute Offensive - 0:29
Last Minute Defensive - 0:00
Total
Forward - 60:00
Defense - 60:00
|
% Time on Ice - Griffins
Lines # - Real PCT - Wanted PCT - Time Play
Normal Forward
1 - 35% - 40% - 19:19
2 - 29% - 30% - 16:13
3 - 21% - 20% - 11:42
4 - 14% - 10% - 7:54
Normal Defense
1 - 40% - 40% - 22:05
2 - 32% - 30% - 17:27
3 - 19% - 20% - 10:22
4 - 9% - 10% - 5:14
PP Forward
1 - 60% - 60% - 1:27
2 - 40% - 40% - 0:58
PP Defense
1 - 68% - 60% - 1:38
2 - 32% - 40% - 0:47
PK Forward
1 - 82% - 60% - 1:38
2 - 18% - 40% - 0:21
PK Defense
1 - 46% - 60% - 0:55
2 - 54% - 40% - 1:04
PK3 Forward
1 - 0% - 60%
2 - 0% - 40%
PK3 Defense
1 - 0% - 60%
2 - 0% - 40%
44 Forward
1 - 0% - 60%
2 - 0% - 40%
44 Defense
1 - 0% - 60%
2 - 0% - 40%
Last Minute Offensive - 0:00
Last Minute Defensive - 0:28
Total
Forward - 60:00
Defense - 60:00
|
Play by Play
1st period
0:01 of 1st period - Scott Laughton wins face-off versus Jamie Arniel in neutral zone.
0:30 of 1st period - Wrist shot by Chris Lawrence.
0:30 of 1st period - Shot Misses the Net.
0:32 of 1st period - Slapshot by Nate Schmidt.
0:32 of 1st period - Deflect By Nicolas Kerdiles.
0:32 of 1st period - Shot Misses the Net.
0:32 of 1st period - Puck is out of play.
0:33 of 1st period - Markus Granlund wins face-off versus Devin Shore in Griffins zone.
0:58 of 1st period - Slapshot by Mat Clark.
0:58 of 1st period - Shot Blocked by Oscar Klefbom.
1:06 of 1st period - Slapshot by Oscar Klefbom.
1:06 of 1st period - Stopped by Antti Raanta with a rebound.
1:30 of 1st period - Wrist shot by Chris Lawrence.
1:30 of 1st period - Shot Blocked by Oscar Klefbom.
2:20 of 1st period - Slapshot by Robert Dome.
2:20 of 1st period - Shot Misses the Net.
2:24 of 1st period - Slapshot by Robert Dome.
2:24 of 1st period - Stopped by Antti Raanta without a rebound.
2:25 of 1st period - Jamie Arniel wins face-off versus Scott Laughton in Carnivores zone.
2:26 of 1st period - Snap shot by Petr Pohl.
2:26 of 1st period - Stopped by Antti Raanta with a rebound.
2:36 of 1st period - Snap shot by Blake Geoffrion.
2:36 of 1st period - Shot Blocked by Kyle Lawson.
2:38 of 1st period - Snap shot by Nate Schmidt.
2:38 of 1st period - Deflect By Blake Geoffrion.
2:38 of 1st period - Shot Blocked by Kyle Lawson.
2:38 of 1st period - Puck is out of play.
2:39 of 1st period - Anton Gustafsson wins face-off versus Greg Mauldin in Griffins zone.
3:14 of 1st period - Wrist shot by Ryan Murray.
3:14 of 1st period - Stopped by Jason Missiaen with a rebound.
3:28 of 1st period - Justin Braun is hit by Ryan Murray and loses puck.
4:23 of 1st period - Snap shot by Jeremy Williams.
4:23 of 1st period - Shot Misses the Net.
6:00 of 1st period - Icing by Robert Dome.
6:01 of 1st period - Devin Shore wins face-off versus Markus Granlund in Griffins zone.
6:22 of 1st period - Snap shot by Jeremy Williams.
6:22 of 1st period - Deflect By Greg Mauldin.
6:22 of 1st period - Stopped by Jason Missiaen with a rebound.
6:24 of 1st period - Snap shot by Adam Pelech.
6:24 of 1st period - Stopped by Jason Missiaen without a rebound.
6:25 of 1st period - Scott Laughton wins face-off versus Jamie Arniel in Griffins zone.
6:50 of 1st period - Mike Duco is hit by Mark MacMillan and loses puck.
8:05 of 1st period - Tye McGinn is hit by Scott Laughton and loses puck.
8:20 of 1st period - Mike Duco is hit by Jeremy Welsh and loses puck.
8:25 of 1st period - Wrist shot by Anton Gustafsson.
8:25 of 1st period - Stopped by Jason Missiaen with a rebound.
8:27 of 1st period - Slapshot by Mark MacMillan.
8:27 of 1st period - Goal by Mark MacMillan - Carnivores : 1 - Griffins : 0.
8:28 of 1st period - Scott Laughton wins face-off versus Jamie Arniel in neutral zone.
8:35 of 1st period - Snap shot by Blake Geoffrion.
8:35 of 1st period - Shot Misses the Net.
8:37 of 1st period - Slapshot by Ryan Murray.
8:37 of 1st period - Shot Misses the Net.
9:37 of 1st period - Slapshot by Jamie Arniel.
9:37 of 1st period - Stopped by Antti Raanta with a rebound.
9:41 of 1st period - Snap shot by Petr Pohl.
9:41 of 1st period - Stopped by Antti Raanta with a rebound.
9:43 of 1st period - Slapshot by Tye McGinn.
9:43 of 1st period - Shot Blocked by Josh Manson.
9:45 of 1st period - Slapshot by Jamie Arniel.
9:45 of 1st period - Goal by Jamie Arniel - Carnivores : 1 - Griffins : 1.
9:46 of 1st period - Jamie Arniel wins face-off versus Jeremy Williams in neutral zone.
10:34 of 1st period - Kyle Lawson is hit by Bobby Sanguinetti and loses puck.
10:53 of 1st period - Slapshot by Tye McGinn.
10:53 of 1st period - Stopped by Antti Raanta with a rebound.
11:39 of 1st period - Snap shot by Jeremy Welsh.
11:39 of 1st period - Stopped by Jason Missiaen with a rebound.
11:41 of 1st period - Slapshot by Adam Pelech.
11:41 of 1st period - Shot Blocked by Kyle Lawson.
11:43 of 1st period - Wrist shot by Anton Gustafsson.
11:43 of 1st period - Shot Blocked by Kyle Lawson.
11:45 of 1st period - Slapshot by Bobby Sanguinetti.
11:45 of 1st period - Deflect By Anton Gustafsson.
11:45 of 1st period - Stopped by Jason Missiaen without a rebound.
11:46 of 1st period - Jeremy Williams wins face-off versus Jamie Arniel in Griffins zone.
12:01 of 1st period - Wrist shot by Jamie Arniel.
12:01 of 1st period - Shot Misses the Net.
12:19 of 1st period - Snap shot by Chris Lawrence.
12:19 of 1st period - Shot Misses the Net.
12:43 of 1st period - Snap shot by Jan Mursak.
12:43 of 1st period - Shot Misses the Net.
12:45 of 1st period - Wrist shot by Vladislav Namestnikov.
12:45 of 1st period - Shot Blocked by Chris Lawrence.
12:47 of 1st period - Slapshot by Petter Granberg.
12:47 of 1st period - Deflect By Ryan Murray.
12:47 of 1st period - Stopped by Antti Raanta with a rebound.
12:49 of 1st period - Snap shot by Jan Mursak.
12:49 of 1st period - Stopped by Antti Raanta without a rebound.
12:50 of 1st period - Jamie Arniel wins face-off versus Scott Laughton in Carnivores zone.
12:51 of 1st period - Snap shot by Petr Pohl.
12:51 of 1st period - Stopped by Antti Raanta with a rebound.
13:24 of 1st period - Snap shot by Mike Duco.
13:24 of 1st period - Deflect By Greg Mauldin.
13:24 of 1st period - Shot Hit the Post.
13:24 of 1st period - Puck is out of play.
13:25 of 1st period - Scott Laughton wins face-off versus Greg Mauldin in Carnivores zone.
13:58 of 1st period - Slapshot by Petr Pohl.
13:58 of 1st period - Shot Misses the Net.
14:14 of 1st period - Wrist shot by Lucas Lessio.
14:14 of 1st period - Shot Misses the Net.
14:16 of 1st period - Backhand shot by Lucas Lessio.
14:16 of 1st period - Shot Misses the Net.
14:18 of 1st period - Slapshot by Jan Mursak.
14:18 of 1st period - Stopped by Antti Raanta with a rebound.
14:20 of 1st period - Slapshot by Simon Despres.
14:20 of 1st period - Deflect By Jan Mursak.
14:20 of 1st period - Shot Misses the Net.
14:20 of 1st period - Puck is out of play.
14:21 of 1st period - Scott Laughton wins face-off versus Jamie Arniel in Carnivores zone.
14:21 of 1st period - Scott Laughton is hit by Petr Pohl.
15:53 of 1st period - Wrist shot by Blake Geoffrion.
15:53 of 1st period - Stopped by Jason Missiaen without a rebound.
15:54 of 1st period - Jamie Arniel wins face-off versus Scott Laughton in Griffins zone.
16:01 of 1st period - Snap shot by Tye McGinn.
16:01 of 1st period - Deflect By Sasha Pokulok.
16:01 of 1st period - Shot Blocked by Mattias Backman.
16:01 of 1st period - Puck is out of play.
16:02 of 1st period - Jamie Arniel wins face-off versus Blake Geoffrion in Carnivores zone.
16:37 of 1st period - Slapshot by Greg Mauldin.
16:37 of 1st period - Stopped by Antti Raanta without a rebound.
16:38 of 1st period - Anton Gustafsson wins face-off versus Devin Shore in Carnivores zone.
16:45 of 1st period - Wrist shot by Robert Dome.
16:45 of 1st period - Shot Misses the Net.
17:08 of 1st period - Ryan Murray is hit by Tye McGinn and loses puck.
17:31 of 1st period - Wrist shot by Chris Lawrence.
17:31 of 1st period - Stopped by Jason Missiaen with a rebound.
17:33 of 1st period - Snap shot by Markus Granlund.
17:33 of 1st period - Stopped by Jason Missiaen without a rebound.
17:34 of 1st period - Scott Laughton wins face-off versus Jamie Arniel in Griffins zone.
17:35 of 1st period - Backhand shot by Jeremy Williams.
17:35 of 1st period - Stopped by Jason Missiaen with a rebound.
17:37 of 1st period - Snap shot by Scott Laughton.
17:37 of 1st period - Stopped by Jason Missiaen with a rebound.
17:39 of 1st period - Backhand shot by Scott Laughton.
17:39 of 1st period - Stopped by Jason Missiaen with a rebound.
17:41 of 1st period - Snap shot by Blake Geoffrion.
17:41 of 1st period - Stopped by Jason Missiaen with a rebound.
17:43 of 1st period - Slapshot by Scott Laughton.
17:43 of 1st period - Stopped by Jason Missiaen without a rebound.
17:44 of 1st period - Scott Laughton wins face-off versus Jamie Arniel in Griffins zone.
17:49 of 1st period - Snap shot by Blake Geoffrion.
17:49 of 1st period - Stopped by Jason Missiaen with a rebound.
17:51 of 1st period - Wrist shot by Blake Geoffrion.
17:51 of 1st period - Shot Misses the Net.
18:54 of 1st period - Wrist shot by Blake Geoffrion.
18:54 of 1st period - Stopped by Jason Missiaen with a rebound.
18:56 of 1st period - Snap shot by Scott Laughton.
18:56 of 1st period - Goal by Scott Laughton - Carnivores : 2 - Griffins : 1.
18:57 of 1st period - Greg Mauldin wins face-off versus Markus Granlund in neutral zone.
19:22 of 1st period - Nate Schmidt is hit by Devin Shore and loses puck.
19:31 of 1st period - Snap shot by Robert Dome.
19:31 of 1st period - Goal by Robert Dome - Carnivores : 2 - Griffins : 2.
19:32 of 1st period - Greg Mauldin wins face-off versus Scott Laughton in neutral zone.
19:47 of 1st period - Snap shot by Mike Duco.
19:47 of 1st period - Stopped by Antti Raanta without a rebound.
19:48 of 1st period - Nicolas Kerdiles wins face-off versus Jamie Arniel in Carnivores zone.
19:50 of 1st period - Minor Penalty to Markus Granlund for High sticking.
19:51 of 1st period - Jamie Arniel wins face-off versus Zack Smith in Carnivores zone.
Goals for this period are 2 for Carnivores vs 2 for Griffins.
Shots for this period are 18 for Carnivores vs 14 for Griffins.
2nd period
0:01 of 2nd period - Jamie Arniel wins face-off versus Zack Smith in neutral zone.
0:07 of 2nd period - Minor Penalty to Ryan Murray for Tripping.
0:08 of 2nd period - Robert Dome wins face-off versus Anton Gustafsson in Carnivores zone.
0:40 of 2nd period - Nate Schmidt is hit by Tye McGinn.
1:02 of 2nd period - Icing by Tye McGinn.
1:03 of 2nd period - Greg Mauldin wins face-off versus Zack Smith in Griffins zone.
1:50 of 2nd period - Penalty to Markus Granlund is over, Markus Granlund is back on ice.
2:07 of 2nd period - Penalty to Ryan Murray is over, Ryan Murray is back on ice.
2:14 of 2nd period - Snap shot by Jan Mursak.
2:14 of 2nd period - Stopped by Antti Raanta without a rebound.
2:15 of 2nd period - Vladislav Namestnikov wins face-off versus Scott Laughton in Carnivores zone.
2:22 of 2nd period - Wrist shot by Jan Mursak.
2:22 of 2nd period - Shot Blocked by Jeremy Williams.
2:40 of 2nd period - Chris Lawrence is hit by Kyle Lawson and loses puck.
2:51 of 2nd period - Wrist shot by J.T. Brown.
2:51 of 2nd period - Stopped by Antti Raanta with a rebound.
2:53 of 2nd period - Backhand shot by Justin Braun.
2:53 of 2nd period - Shot Blocked by Sasha Pokulok.
4:19 of 2nd period - Jeremy Welsh is hit by Gord Baldwin and loses puck.
4:23 of 2nd period - Icing by Nate Schmidt.
4:24 of 2nd period - Anton Gustafsson wins face-off versus Jamie Arniel in Carnivores zone.
4:24 of 2nd period - Anton Gustafsson is hit by Kyle Lawson.
4:30 of 2nd period - Snap shot by Nate Schmidt.
4:30 of 2nd period - Stopped by Jason Missiaen with a rebound.
4:32 of 2nd period - Wrist shot by Jeremy Welsh.
4:32 of 2nd period - Shot Blocked by Petr Pohl.
4:34 of 2nd period - Snap shot by Jeremy Welsh.
4:34 of 2nd period - Stopped by Jason Missiaen with a rebound.
4:38 of 2nd period - Slapshot by Anton Gustafsson.
4:38 of 2nd period - Stopped by Jason Missiaen without a rebound.
4:39 of 2nd period - Scott Laughton wins face-off versus Mike Duco in Griffins zone.
4:48 of 2nd period - Snap shot by Simon Despres.
4:48 of 2nd period - Stopped by Antti Raanta without a rebound.
4:49 of 2nd period - Jeremy Williams wins face-off versus Greg Mauldin in Carnivores zone.
5:06 of 2nd period - Snap shot by Greg Mauldin.
5:06 of 2nd period - Stopped by Antti Raanta with a rebound.
5:26 of 2nd period - Snap shot by Jeremy Williams.
5:26 of 2nd period - Stopped by Jason Missiaen with a rebound.
6:10 of 2nd period - Snap shot by Mike Duco.
6:10 of 2nd period - Stopped by Antti Raanta without a rebound.
6:11 of 2nd period - Jamie Arniel wins face-off versus Markus Granlund in Carnivores zone.
6:41 of 2nd period - Snap shot by Anton Gustafsson.
6:41 of 2nd period - Shot Misses the Net.
6:43 of 2nd period - Wrist shot by Jeremy Welsh.
6:43 of 2nd period - Shot Hit the Post.
6:45 of 2nd period - Wrist shot by Jeremy Welsh.
6:45 of 2nd period - Stopped by Jason Missiaen with a rebound.
6:47 of 2nd period - Snap shot by Anton Gustafsson.
6:47 of 2nd period - Goal by Anton Gustafsson - Carnivores : 3 - Griffins : 2.
6:48 of 2nd period - Markus Granlund wins face-off versus Jamie Arniel in neutral zone.
6:51 of 2nd period - Slapshot by Markus Granlund.
6:51 of 2nd period - Stopped by Jason Missiaen with a rebound.
6:57 of 2nd period - Chris Lawrence is hit by Tye McGinn and loses puck.
7:04 of 2nd period - Slapshot by Jamie Arniel.
7:04 of 2nd period - Shot Blocked by Ryan Murray.
7:19 of 2nd period - Snap shot by Jan Mursak.
7:19 of 2nd period - Shot Misses the Net.
7:21 of 2nd period - Slapshot by Kyle Lawson.
7:21 of 2nd period - Shot Blocked by Markus Granlund.
7:23 of 2nd period - Slapshot by Petter Granberg.
7:23 of 2nd period - Shot Misses the Net.
7:25 of 2nd period - Slapshot by Kyle Lawson.
7:25 of 2nd period - Stopped by Antti Raanta with a rebound.
8:47 of 2nd period - Wrist shot by Jan Mursak.
8:47 of 2nd period - Shot Blocked by Ryan Murray.
8:49 of 2nd period - Snap shot by Lucas Lessio.
8:49 of 2nd period - Shot Misses the Net.
9:13 of 2nd period - Wrist shot by Robert Dome.
9:13 of 2nd period - Shot Misses the Net.
9:15 of 2nd period - Slapshot by Justin Braun.
9:15 of 2nd period - Shot Blocked by Nate Schmidt.
9:57 of 2nd period - Petter Granberg is hit by Colton Orr and loses puck.
10:14 of 2nd period - Jeremy Welsh is hit by Kyle Lawson and loses puck.
10:45 of 2nd period - Slapshot by Petter Granberg.
10:45 of 2nd period - Shot Misses the Net.
11:07 of 2nd period - Snap shot by Zack Smith.
11:07 of 2nd period - Shot Blocked by Pontus Aberg.
11:09 of 2nd period - Slapshot by Sasha Pokulok.
11:09 of 2nd period - Shot Misses the Net.
11:27 of 2nd period - Ryan Murray is hit by Justin Braun and loses puck.
11:46 of 2nd period - Snap shot by Lucas Lessio.
11:46 of 2nd period - Shot Misses the Net.
12:08 of 2nd period - Josh Manson is hit by Oscar Klefbom and loses puck.
12:42 of 2nd period - Oscar Klefbom is hit by Nicolas Kerdiles and loses puck.
12:53 of 2nd period - Snap shot by Jamie Arniel.
12:53 of 2nd period - Stopped by Antti Raanta with a rebound.
12:55 of 2nd period - Slapshot by Gord Baldwin.
12:55 of 2nd period - Shot Misses the Net.
13:11 of 2nd period - Snap shot by Jan Mursak.
13:11 of 2nd period - Goal by Jan Mursak - Carnivores : 3 - Griffins : 3.
13:12 of 2nd period - Scott Laughton wins face-off versus Jamie Arniel in neutral zone.
13:17 of 2nd period - Slapshot by Blake Geoffrion.
13:17 of 2nd period - Shot Misses the Net.
13:39 of 2nd period - Pontus Aberg is hit by Ryan Murray and loses puck.
14:26 of 2nd period - J.T. Brown is hit by Mark MacMillan and loses puck.
15:13 of 2nd period - Lucas Lessio is hit by Chris Lawrence and loses puck.
15:26 of 2nd period - Snap shot by Vladislav Namestnikov.
15:26 of 2nd period - Stopped by Antti Raanta without a rebound.
15:27 of 2nd period - Jamie Arniel wins face-off versus Zack Smith in Carnivores zone.
15:52 of 2nd period - Scott Laughton is hit by Mike Duco and loses puck.
16:21 of 2nd period - Snap shot by Robert Dome.
16:21 of 2nd period - Shot Misses the Net.
16:58 of 2nd period - Wrist shot by Tye McGinn.
16:58 of 2nd period - Stopped by Antti Raanta with a rebound.
17:18 of 2nd period - Minor Penalty to Scott Laughton for Interference.
17:19 of 2nd period - Zack Smith wins face-off versus Petr Pohl in Carnivores zone.
17:27 of 2nd period - Wrist shot by Petr Pohl.
17:27 of 2nd period - Goal by Petr Pohl - Carnivores : 3 - Griffins : 4.
17:28 of 2nd period - Jamie Arniel wins face-off versus Scott Laughton in neutral zone.
17:54 of 2nd period - Jamie Arniel is hit by Nate Schmidt and loses puck.
18:01 of 2nd period - Snap shot by Jeremy Welsh.
18:01 of 2nd period - Stopped by Jason Missiaen with a rebound.
18:06 of 2nd period - Justin Braun is hit by Adam Pelech and loses puck.
18:11 of 2nd period - Snap shot by Jamie Arniel.
18:11 of 2nd period - Stopped by Antti Raanta with a rebound.
18:13 of 2nd period - Snap shot by Tye McGinn.
18:13 of 2nd period - Stopped by Antti Raanta without a rebound.
18:14 of 2nd period - Greg Mauldin wins face-off versus Scott Laughton in Carnivores zone.
19:05 of 2nd period - Oscar Klefbom is hit by Bobby Sanguinetti and loses puck.
19:34 of 2nd period - Snap shot by Jeremy Williams.
19:34 of 2nd period - Stopped by Jason Missiaen without a rebound.
19:35 of 2nd period - Anton Gustafsson wins face-off versus Jamie Arniel in Griffins zone.
19:43 of 2nd period - Icing by Petr Pohl.
19:44 of 2nd period - Petr Pohl wins face-off versus Anton Gustafsson in Griffins zone.
19:57 of 2nd period - Slapshot by Ryan Murray.
19:57 of 2nd period - Shot Blocked by Simon Despres.
19:59 of 2nd period - Slapshot by Mark MacMillan.
19:59 of 2nd period - Deflect By Jeremy Welsh.
19:59 of 2nd period - Shot Misses the Net.
19:59 of 2nd period - Puck is out of play.
Goals for this period are 1 for Carnivores vs 2 for Griffins.
Shots for this period are 9 for Carnivores vs 13 for Griffins.
3rd period
0:01 of 3rd period - Scott Laughton wins face-off versus Jamie Arniel in neutral zone.
0:10 of 3rd period - Snap shot by Jeremy Williams.
0:10 of 3rd period - Shot Blocked by Tye McGinn.
0:12 of 3rd period - Snap shot by Jeremy Williams.
0:12 of 3rd period - Stopped by Jason Missiaen without a rebound.
0:13 of 3rd period - Jamie Arniel wins face-off versus Scott Laughton in Griffins zone.
0:28 of 3rd period - Jeremy Williams is hit by Jamie Arniel and loses puck.
0:45 of 3rd period - Snap shot by Markus Granlund.
0:45 of 3rd period - Shot Blocked by Kyle Lawson.
1:23 of 3rd period - Kyle Lawson is hit by Mark Jankowski and loses puck.
2:13 of 3rd period - Snap shot by Mike Duco.
2:13 of 3rd period - Stopped by Antti Raanta without a rebound.
2:14 of 3rd period - Jamie Arniel wins face-off versus Jeremy Welsh in Carnivores zone.
2:15 of 3rd period - Wrist shot by Petr Pohl.
2:15 of 3rd period - Stopped by Antti Raanta without a rebound.
2:16 of 3rd period - Anton Gustafsson wins face-off versus Jamie Arniel in Carnivores zone.
2:51 of 3rd period - Wrist shot by Blake Geoffrion.
2:51 of 3rd period - Stopped by Jason Missiaen without a rebound.
2:52 of 3rd period - Markus Granlund wins face-off versus Jamie Arniel in Griffins zone.
3:03 of 3rd period - Snap shot by Tye McGinn.
3:03 of 3rd period - Shot Blocked by Chris Lawrence.
3:05 of 3rd period - Slapshot by Simon Despres.
3:05 of 3rd period - Stopped by Antti Raanta with a rebound.
3:07 of 3rd period - Snap shot by Jamie Arniel.
3:07 of 3rd period - Stopped by Antti Raanta with a rebound.
3:14 of 3rd period - Icing by Adam Pelech.
3:15 of 3rd period - Markus Granlund wins face-off versus Pontus Aberg in Carnivores zone.
3:44 of 3rd period - Slapshot by Jeremy Welsh.
3:44 of 3rd period - Shot Blocked by Petr Pohl.
3:46 of 3rd period - Snap shot by Mark MacMillan.
3:46 of 3rd period - Stopped by Jason Missiaen with a rebound.
3:48 of 3rd period - Snap shot by Anton Gustafsson.
3:48 of 3rd period - Stopped by Jason Missiaen with a rebound.
3:50 of 3rd period - Slapshot by Bobby Sanguinetti.
3:50 of 3rd period - Shot Blocked by Jamie Arniel.
3:52 of 3rd period - Slapshot by Adam Pelech.
3:52 of 3rd period - Stopped by Jason Missiaen with a rebound.
3:59 of 3rd period - Icing by Oscar Klefbom.
4:00 of 3rd period - Devin Shore wins face-off versus Markus Granlund in Griffins zone.
5:03 of 3rd period - Jeremy Welsh is hit by Pontus Aberg.
5:19 of 3rd period - Slapshot by Robert Dome.
5:19 of 3rd period - Shot Blocked by Nate Schmidt.
6:14 of 3rd period - Justin Braun is hit by Jeremy Welsh.
7:02 of 3rd period - Jeremy Welsh is hit by Jamie Arniel and loses puck.
7:15 of 3rd period - Slapshot by Nate Schmidt.
7:15 of 3rd period - Shot Misses the Net.
7:17 of 3rd period - Slapshot by Ryan Murray.
7:17 of 3rd period - Stopped by Jason Missiaen without a rebound.
7:18 of 3rd period - Greg Mauldin wins face-off versus Scott Laughton in Griffins zone.
8:09 of 3rd period - Gord Baldwin is hit by Sasha Pokulok and loses puck.
8:46 of 3rd period - Zack Smith is hit by Greg Mauldin.
8:55 of 3rd period - Minor Penalty to Mike Duco for Roughing.
8:56 of 3rd period - Devin Shore wins face-off versus Jeremy Williams in Griffins zone.
9:09 of 3rd period - Slapshot by Adam Pelech.
9:09 of 3rd period - Shot Blocked by Gord Baldwin.
10:21 of 3rd period - Icing by Nicolas Kerdiles.
10:22 of 3rd period - Jamie Arniel wins face-off versus Nicolas Kerdiles in Carnivores zone.
10:55 of 3rd period - Penalty to Mike Duco is over, Mike Duco is back on ice.
11:45 of 3rd period - Jeremy Welsh is hit by Tye McGinn and loses puck.
12:08 of 3rd period - Sasha Pokulok is hit by Jan Mursak.
12:15 of 3rd period - Icing by Sasha Pokulok.
12:16 of 3rd period - Greg Mauldin wins face-off versus Colton Orr in Carnivores zone.
12:17 of 3rd period - Wrist shot by Mike Duco.
12:17 of 3rd period - Stopped by Antti Raanta with a rebound.
12:19 of 3rd period - Wrist shot by Greg Mauldin.
12:19 of 3rd period - Stopped by Antti Raanta with a rebound.
13:24 of 3rd period - Gord Baldwin is hit by Nicolas Kerdiles.
13:40 of 3rd period - Backhand shot by Greg Mauldin.
13:40 of 3rd period - Stopped by Antti Raanta without a rebound.
13:41 of 3rd period - Scott Laughton wins face-off versus Jamie Arniel in Carnivores zone.
14:12 of 3rd period - Markus Granlund is hit by Mike Duco and loses puck.
14:18 of 3rd period - Icing by Ryan Murray.
14:19 of 3rd period - Markus Granlund wins face-off versus Jamie Arniel in Carnivores zone.
14:27 of 3rd period - Slapshot by Ryan Murray.
14:27 of 3rd period - Shot Misses the Net.
14:33 of 3rd period - Snap shot by Nicolas Kerdiles.
14:33 of 3rd period - Shot Hit the Post.
14:39 of 3rd period - Slapshot by Ryan Murray.
14:39 of 3rd period - Shot Blocked by Kyle Lawson.
14:41 of 3rd period - Snap shot by Markus Granlund.
14:41 of 3rd period - Shot Blocked by Petter Granberg.
14:47 of 3rd period - Wrist shot by Nicolas Kerdiles.
14:47 of 3rd period - Shot Misses the Net.
14:49 of 3rd period - Slapshot by Chris Lawrence.
14:49 of 3rd period - Deflect By Nicolas Kerdiles.
14:49 of 3rd period - Shot Blocked by Petr Pohl.
14:49 of 3rd period - Puck is out of play.
14:50 of 3rd period - Greg Mauldin wins face-off versus Scott Laughton in Griffins zone.
16:18 of 3rd period - Slapshot by Bobby Sanguinetti.
16:18 of 3rd period - Shot Blocked by Petter Granberg.
16:20 of 3rd period - Slapshot by Blake Geoffrion.
16:20 of 3rd period - Shot Misses the Net.
16:32 of 3rd period - Slapshot by Kyle Lawson.
16:32 of 3rd period - Shot Blocked by Chris Lawrence.
16:53 of 3rd period - Snap shot by Anton Gustafsson.
16:53 of 3rd period - Shot Blocked by Justin Braun.
17:14 of 3rd period - Greg Mauldin is hit by Scott Laughton and loses puck.
18:49 of 3rd period - Carnivores, Antti Raanta is pulled from the net.
19:14 of 3rd period - Snap shot by Mike Duco.
19:14 of 3rd period - Goal by Mike Duco - Carnivores : 3 - Griffins : 5.
19:14 of 3rd period - Antti Raanta from Carnivores was sent back in the game.
19:15 of 3rd period - Devin Shore wins face-off versus Scott Laughton in neutral zone.
19:24 of 3rd period - Wrist shot by Scott Laughton.
19:24 of 3rd period - Shot Misses the Net.
19:45 of 3rd period - Ryan Murray is hit by Greg Mauldin and loses puck.
Goals for this period are 0 for Carnivores vs 1 for Griffins.
Shots for this period are 6 for Carnivores vs 8 for Griffins.
Back to the Top